 Dungeon Sprint DCSS version 0.27-a0-1525-g1038ab4fd7 (webtiles) character file.

Game seed: 8210993930425802458

70560 mhtbhm the Phalangite (level 14, -3/213 (226) HPs)
             Began as a Minotaur Fighter on July 10, 2021.
             Was the Champion of Fedhas.
             Blown up by Boris (37 damage)
             ... with a wavering orb of destruction
             ... in the Dungeon (Sprint IX: "|||||||||||||||||||||||||||||").
             The game lasted 00:13:26 (6534 turns).

mhtbhm the Phalangite (Minotaur Fighter)            Turns: 6534, Time: 00:13:27

HP:   -3/213 (226)  AC: 18    Str: 30    XL:     14   Next: 94%
MP:   26/26         EV: 14    Int:  5    God:    Fedhas [******]
Gold: 251           SH: 17    Dex:  9    Spells: 13/13 levels left

rFire    . . .     SeeInvis .   a - +0 trident
rCold    . . .     Faith    .   c - +0 kite shield
rNeg     . . .     Spirit   .   b - +0 swamp dragon scales
rPois    +         Reflect  .   p - +0 hat
rElec    .         Harm     .   v - +0 cloak
rCorr    .         Rampage  +   w - +0 pair of gloves
Will     +....     NoTele   +   F - +0 pair of boots {rampage}
Stlth    ..........             E - amulet of regeneration
HPRegen  1.45/turn              o - +3 ring of strength
MPRegen  0.20/turn              D - +4 ring of slaying

@: berserking, drained, very quick
A: horns 2, retaliatory headbutt
a: Renounce Religion, Wall of Briars, Grow Ballistomycete, Overgrow, Grow Oklob


You were in the Dungeon.
You worshipped Fedhas.
Fedhas was exalted by your worship.
You visited 1 branch You collected 1929 gold pieces.
You spent 1678 gold pieces at shops.

Inventory:

Hand Weapons
 a - a +0 trident (weapon)
Missiles
 y - 6 javelins (quivered)
Armour
 b - +0 swamp dragon scales (worn)
 c - a +0 kite shield (worn)
 p - a +0 hat (worn)
 v - a +0 cloak (worn)
 w - a +0 pair of gloves (worn)
 F - a +0 pair of boots of rampaging (worn)
Jewellery
 g - a ring of poison resistance
 o - a +3 ring of strength (left hand)
 D - a +4 ring of slaying (right hand)
 E - an amulet of regeneration (around neck)
Wands
 x - a wand of charming (5)
Scrolls
 j - a scroll of blinking
 l - 3 scrolls of amnesia
 r - 6 scrolls of enchant armour
 s - 3 scrolls of fear
 t - 7 scrolls of enchant weapon
 z - a scroll of magic mapping
 A - a scroll of immolation
 B - 3 scrolls of fog
Potions
 d - a potion of might
 e - 2 potions of curing
 f - a potion of heal wounds
 h - 4 potions of magic
 i - 3 potions of berserk rage
 k - a potion of invisibility
 m - a potion of brilliance
 n - 3 potions of resistance
 q - a potion of attraction
 u - a potion of degeneration {unknown}


   Skills:
 + Level 21.3 Fighting
 + Level 21.4 Polearms
 + Level 0.1 Throwing
 + Level 18.2 Armour
 + Level 11.1 Dodging
 + Level 7.7 Stealth
 + Level 21.3 Shields
 + Level 4.1 Unarmed Combat
 * Level 18.5 Invocations
 + Level 4.6 Evocations


You had 13 spell levels left.
You didn't know any spells.
Your spell library contained the following spells:

 Spells                   Type           Power      Damage    Failure   Level
 Slow                     Hex            0%         N/A       69%         2
 Confusing Touch          Hex            0%         N/A       89%         3
 Vampiric Draining        Necr           0%         2d6       89%         3


Dungeon Overview and Level Annotations

Branches:
Dungeon (1/1)

Altars:
Cheibriados
Dithmenos
Elyvilon
Fedhas
Gozag
Hepliaklqana
Kikubaaqudgha
Makhleb
Nemelex Xobeh
Okawaru
Qazlal
Ru
Sif Muna
Trog
Uskayaw
Vehumet
Wu Jian
Xom
Yredelemnul
Zin
The Shining One
Beogh
Jiyva
Lugonu

Shops:
D ((=

Annotations:
D Boris


Innate Abilities, Weirdness & Mutations

You have a pair of horns on your head.
You reflexively headbutt those who attack you in melee.


Message History

You miss something. Your headbutt misses something. You closely miss something.
Something barely misses you.
Something touches you but does no damage.
You hit something but do no damage. Something hits you but does no damage.
Something completely misses you.
You hit something. You closely miss something. You headbutt something.
Something hits you!
Something touches you but does no damage.
You impale something!! You headbutt something. You hit something.
You headbutt something! Something hits you.
* * * LOW HITPOINT WARNING * * *
Something touches you!
* * * LOW HITPOINT WARNING * * *
You feel drained.
* * * LOW HITPOINT WARNING * * *
You hit something but do no damage. Something hits you!
* * * LOW HITPOINT WARNING * * *
Something touches you but does no damage.
You hit something. You headbutt something. You closely miss something.
Something hits you but does no damage.
Something touches you but does no damage.
You miss something. You headbutt something. You hit something but do no damage.
Something hits you but does no damage.
Something touches you but does no damage.
You hit something. Your headbutt misses something.
You block something's attack. x2
You hit something but do no damage.
Unknown command.
A red film seems to cover your vision as you go berserk!
You feel yourself moving faster!
You feel mighty! You block something's attack. Something touches you!
* * * LOW HITPOINT WARNING * * *
You feel drained.
* * * LOW HITPOINT WARNING * * *
You puncture something! You miss something. You headbutt something!
Something conjures a glowing orb.
The wavering orb of destruction weakly hits you!!!
You die...
Fedhas appreciates your contribution to the ecosystem.

....................†.)..........
▓▓▓▓▓▓▓▓▓▓▓▓▓▓▓▓♣♣♣♣♣♣♣♣♣♣▓▓▓▓▓▓▓
......).........).........'......
▓▓▓▓▓▓▓▓▓▓▓▓▓▓▓▓♣♣♣♣♣♣♣♣♣♣▓▓▓▓▓▓▓
.).........†.....................
▓▓▓▓▓▓▓▓▓▓▓▓▓▓▓▓▓▓▓▓▓▓▓▓▓▓▓▓▓▓▓▓▓
.[.....).........[P)......[).....
▓▓▓▓▓▓▓▓▓▓▓▓▓▓▓▓▓▓▓▓▓▓▓▓▓▓▓▓▓▓▓▓▓
.......{@................
▓▓▓▓▓▓▓▓▓▓▓▓▓▓▓▓▓▓▓▓▓▓▓▓▓


There were no monsters in sight!

Vanquished Creatures
  Rupert (D)
  Gastronok (D)
  A storm dragon (D)
  Donald (D)
  Kirke (D)
  A fire giant (D)
  A frost giant (D)
  A vault warden (D)
  An iron dragon (D)
  3 stone giants (D)
  2 very ugly things (D)
  A spark wasp (D)
  An eleionoma (D)
  2 ettins (D)
  A yaktaur captain (D)
  A fire dragon (D)
  An ironbound thunderhulk (D)
  2 rakshasas (D)
  An ice dragon (D)
  4 hydras (D)
  A catoblepas (D)
  2 ironbound frosthearts (D)
  A two-headed ogre (D)
  2 merfolk avatars (D)
  3 deep troll shamans (D)
  6 centaur warriors (D)
  Erica (D)
  A vampire mage (D)
  Urug (D)
  A deep troll earth mage (D)
  3 orc high priests (D)
  Nergalle (D)
  A goliath frog (D)
  A skeletal warrior (D)
  A spriggan druid (D)
  2 ironbound convokers (D)
  3 lindwurms (D)
  3 wizards (D)
  A harpy (shapeshifter) (D)
  2 orc knights (D)
  2 mana vipers (D)
  2 cyclopes (D)
  A will-o-the-wisp (D)
  4 ugly things (D)
  4 manticores (D)
  3 orc sorcerers (D)
  A wolf spider (D)
  A vault sentinel (D)
  5 black mambas (D)
  2 guardian serpents (D)
  2 cane toads (D)
  4 komodo dragons (D)
  A yaktaur (D)
  2 demonic crawlers (D)
  A polar bear (D)
  A jumping spider (D)
  2 tyrant leeches (D)
  2 slime creatures (D)
  A merfolk (D)
  2 wind drakes (D)
  Eustachio (D)
  A redback (D)
  A yak (D)
  A basilisk (D)
  2 hogs (D)
  A tarantella (D)
  An acid dragon (D)
  A naga (D)
  4 water moccasins (D)
  A black bear (shapeshifter) (D)
  10 orc warriors (D)
  A wolf (D)
  A centaur (D)
  3 bullfrogs (D)
  A scorpion (D)
  A killer bee (D)
  A wight (D)
  6 orc priests (D)
  A jelly (D)
  An orc wizard (D)
  An adder (D)
  A white imp (D)
  4 worms (D)
  13 orcs (D)
  A giant cockroach (D)
  A hobgoblin (D)
  A jackal (D)
  2 kobolds (D)
172 creatures vanquished.

Vanquished Creatures (collateral kills)
  A sphinx (D)
  2 great orbs of eyes (D)
  An ironbound thunderhulk (D)
  A vampire mage (D)
  2 spriggans (D)
  A tengu conjurer (D)
  A slime creature (D)
  3 hornets (D)
12 creatures vanquished.

Vanquished Creatures (others)
  Mara (D)
  A bloated husk (D)
  4 humans (D)
6 creatures vanquished.

Grand Total: 190 creatures vanquished

Notes
Turn   | Place    | Note
-------+----------+-------------------------------------------
     0 | D        | mhtbhm the Minotaur Fighter began the quest for the Orb.
     0 | D        | Reached XP level 1. HP: 19/19 MP: 0/0
    49 | D        | Noticed a jelly
    49 | D        | Noticed a scorpion
    54 | D        | Reached XP level 2. HP: 27/28 MP: 1/1
    55 | D        | Reached skill level 5 in Fighting
    55 | D        | Reached skill level 5 in Armour
    55 | D        | Reached skill level 5 in Shields
    55 | D        | Reached XP level 3. HP: 30/36 MP: 2/2
    59 | D        | Killed a scorpion
    60 | D        | Reached skill level 5 in Polearms
    60 | D        | Reached XP level 4. HP: 26/45 MP: 3/3
    66 | D        | Found a snail-covered altar of Cheibriados.
    66 | D        | Found a shadowy altar of Dithmenos.
    66 | D        | Found a white marble altar of Elyvilon.
    66 | D        | Found a blossoming altar of Fedhas.
    66 | D        | Found an opulent altar of Gozag.
    67 | D        | Found a hazy altar of Hepliaklqana.
    68 | D        | Found a viscous altar of Jiyva.
    69 | D        | Found an ancient bone altar of Kikubaaqudgha.
    70 | D        | Found a corrupted altar of Lugonu.
    71 | D        | Found a burning altar of Makhleb.
    72 | D        | Found a sparkling altar of Nemelex Xobeh.
    73 | D        | Found an iron altar of Okawaru.
    74 | D        | Found a stormy altar of Qazlal.
    75 | D        | Found a sacrificial altar of Ru.
    76 | D        | Found a shimmering blue altar of Sif Muna.
    77 | D        | Found a bloodstained altar of Trog.
    78 | D        | Found a hide-covered altar of Uskayaw.
    79 | D        | Found a radiant altar of Vehumet.
    82 | D        | Found an ornate altar of the Wu Jian Council.
    83 | D        | Found a shimmering altar of Xom.
   103 | D        | Became a worshipper of Fedhas Madash
   113 | D        | Found a basalt altar of Yredelemnul.
   114 | D        | Found a glowing silver altar of Zin.
   115 | D        | Found a glowing golden altar of the Shining One.
   218 | D        | Noticed a centaur
   218 | D        | Noticed a two-headed ogre
   218 | D        | Noticed an acid dragon
   218 | D        | Noticed a komodo dragon
   220 | D        | Reached XP level 5. HP: 46/52 MP: 4/4
   220 | D        | Killed a centaur
   222 | D        | Killed a two-headed ogre
   222 | D        | Reached * piety under Fedhas
   223 | D        | Reached skill level 10 in Fighting
   223 | D        | Reached skill level 10 in Polearms
   223 | D        | Reached skill level 10 in Armour
   223 | D        | Reached skill level 1 in Dodging
   223 | D        | Reached skill level 10 in Shields
   223 | D        | Reached skill level 1 in Evocations
   223 | D        | Reached XP level 6. HP: 60/67 MP: 5/5
   223 | D        | Reached XP level 7. HP: 66/73 MP: 6/6
   232 | D        | Reached XP level 8. HP: 48/81 MP: 7/7
   237 | D        | Killed a komodo dragon
   237 | D        | Reached ** piety under Fedhas
   527 | D        | Noticed a centaur warrior
   527 | D        | Noticed a rime drake
   527 | D        | Noticed a white ugly thing
   527 | D        | Noticed a centaur warrior
   527 | D        | Noticed a centaur warrior
   646 | D        | Reached skill level 1 in Invocations
   660 | D        | Killed a centaur warrior
   660 | D        | Killed a centaur warrior
   660 | D        | Reached *** piety under Fedhas
   661 | D        | Reached skill level 5 in Invocations
   661 | D        | Reached XP level 9. HP: 51/91 MP: 8/11
   662 | D        | Killed a centaur warrior
   663 | D        | Killed a white ugly thing
   958 | D        | Noticed a komodo dragon
   958 | D        | Noticed a six-headed hydra
   963 | D        | Killed a komodo dragon
   963 | D        | Reached **** piety under Fedhas
   964 | D        | Reached XP level 10. HP: 92/100 MP: 13/13
   966 | D        | Noticed a cane toad
   976 | D        | Killed a six-headed hydra
   980 | D        | Reached ***** piety under Fedhas
  1002 | D        | Killed a cane toad
  1234 | D        | Noticed an eight-headed hydra
  1234 | D        | Noticed a black mamba
  1241 | D        | Killed an eight-headed hydra
  1242 | D        | Reached skill level 15 in Polearms
  1245 | D        | Noticed a cane toad
  1271 | D        | Killed a black mamba
  1271 | D        | Reached ****** piety under Fedhas
  1295 | D        | Killed a cane toad
  1296 | D        | Reached XP level 11. HP: 35/108 MP: 16/16
  1566 | D        | Noticed a lindwurm
  1566 | D        | Noticed a lindwurm
  1566 | D        | Noticed a lindwurm
  1579 | D        | Killed a lindwurm
  1593 | D        | Killed a lindwurm
  1594 | D        | Reached skill level 15 in Armour
  1594 | D        | Reached skill level 1 in Stealth
  1594 | D        | Reached skill level 15 in Shields
  1931 | D        | Killed a lindwurm
  2208 | D        | Noticed Erica
  2221 | D        | Killed Erica
  2222 | D        | Reached skill level 10 in Invocations
  2229 | D        | Noticed Urug
  2247 | D        | Killed Urug
  2844 | D        | Found Hesm's Antique Weapon Emporium.
  2844 | D        | Noticed an orc sorcerer
  2844 | D        | Noticed an orc sorcerer
  2844 | D        | Noticed an orc high priest
  2849 | D        | Noticed an orc knight
  2851 | D        | Killed an orc sorcerer
  2861 | D        | Killed an orc sorcerer
  2863 | D        | Found Fiforugh's Magic Scroll Shoppe.
  2874 | D        | Killed an orc high priest
  2885 | D        | Killed an orc knight
  2886 | D        | Reached skill level 15 in Fighting
  2887 | D        | Found Vidatenk's Weapon Emporium.
  2890 | D        | Found Eqaotz's Jewellery Shoppe.
  2890 | D        | Noticed an orc knight
  2894 | D        | Noticed an orc high priest
  2900 | D        | Noticed an orc sorcerer
  2902 | D        | Killed an orc knight
  2903 | D        | Noticed an orc high priest
  2907 | D        | Killed an orc high priest
  2908 | D        | Noticed a sixfirhy
  2910 | D        | Noticed a sun demon
  2921 | D        | Killed an orc sorcerer
  2934 | D        | Killed an orc high priest
  2935 | D        | Reached XP level 12. HP: 62/121 MP: 19/19
  3125 | D        | Bought a scroll of magic mapping for 38 gold pieces
  3125 | D        | Bought a scroll of blinking for 82 gold pieces
  3125 | D        | Bought a scroll of immolation for 38 gold pieces
  3125 | D        | Bought a scroll of fear for 38 gold pieces
  3125 | D        | Bought a scroll of fog for 22 gold pieces
  3125 | D        | Bought a scroll of identify for 22 gold pieces
  3125 | D        | Bought a scroll of fog for 22 gold pieces
  3125 | D        | Bought a scroll of enchant weapon for 82 gold pieces
  3125 | D        | Bought a scroll of fear for 38 gold pieces
  3129 | D        | Bought a +4 ring of slaying for 936 gold pieces
  3129 | D        | Bought an amulet of regeneration for 360 gold pieces
  3161 | D        | Noticed Gastronok
  3173 | D        | Killed Gastronok
  3246 | D        | Found the +5 scythe "Finisher" {speed, eviscerate}
  3353 | D        | Noticed a centaur warrior
  3353 | D        | Noticed a catoblepas
  3365 | D        | Noticed a stone giant
  3367 | D        | Killed a centaur warrior
  3376 | D        | Noticed a frost giant
  3403 | D        | Killed a catoblepas
  3405 | D        | Killed a stone giant
  3408 | D        | Noticed a centaur warrior
  3581 | D        | Killed a centaur warrior
  3605 | D        | Killed a frost giant
  3654 | D        | Noticed a rakshasa
  3655 | D        | Noticed a deep troll shaman
  3661 | D        | Noticed a deep troll earth mage
  3676 | D        | Killed a rakshasa
  3684 | D        | Killed a deep troll shaman
  3685 | D        | Reached skill level 5 in Dodging
  3700 | D        | Killed a deep troll earth mage
  3841 | D        | Noticed Kirke
  3849 | D        | Reached XP level 13. HP: 132/132 MP: 21/21
  3874 | D        | HP: 3/198 [something (18)]
  3875 | D        | Killed Kirke
  3876 | D        | Reached skill level 1 in Unarmed Combat
  3964 | D        | Noticed Donald
  3983 | D        | Killed Donald
  4379 | D        | Reached skill level 5 in Stealth
  4470 | D        | Noticed an eleionoma
  4498 | D        | Killed an eleionoma
  4980 | D        | Noticed a spark wasp
  4992 | D        | Killed a spark wasp
  5000 | D        | Reached skill level 15 in Invocations
  5058 | D        | Noticed Eustachio
  5059 | D        | Noticed Nergalle
  5068 | D        | Killed Eustachio
  5077 | D        | Killed Nergalle
  5119 | D        | Noticed Rupert
  5136 | D        | Killed Rupert
  5197 | D        | Noticed a stone giant
  5197 | D        | Noticed a sphinx
  5212 | D        | Killed a stone giant
  5213 | D        | Reached XP level 14. HP: 109/146 MP: 24/24
  5214 | D        | Noticed a stone giant
  5220 | D        | Noticed a storm dragon
  5228 | D        | Killed a sphinx
  5236 | D        | Killed a stone giant
  5242 | D        | Killed a storm dragon
  5249 | D        | Noticed a fire giant
  5249 | D        | Noticed an iron dragon
  5250 | D        | Noticed a red very ugly thing
  5270 | D        | Killed a fire giant
  5695 | D        | Killed an iron dragon
  5752 | D        | Reached skill level 10 in Dodging
  5764 | D        | Killed a red very ugly thing
  6084 | D        | Noticed a vault warden
  6103 | D        | Killed a vault warden
  6203 | D        | Noticed a white very ugly thing
  6221 | D        | Killed a white very ugly thing
  6226 | D        | HP: 4/149 [ironbound thunderhulk/bolt of lightning (41)]
  6376 | D        | Noticed Mara
  6380 | D        | Noticed mhtbhm's illusion
  6423 | D        | Noticed mhtbhm's illusion
  6423 | D        | Killed Mara
  6506 | D        | Noticed Boris
  6534 | D        | Blown up by Boris

Illustrated notes

Levels and vault maps discovered:
D:        linesprint [early_d, line_temple, items_1, d_10, items_2, lair_1,
          lair_end, items_3, orc_1, orc_end, items_4, d_15, swamp_1, shoals_1,
          snake_1, spider_1, d_20, vaults_1, items_5, swamp_end, shoals_end,
          snake_end, spider_end, vaults_end, d_27, items_6, zot_1, zot_end,
          crypt_end, forest_end, elf_end, slime_end, tomb_end, abyss_end,
          pan_hell_end]

Skill      XL: |  1  2  3  4  5  6  7  8  9 10 11 12 13 14 |
---------------+-------------------------------------------+-----
Fighting       | 4 5 6 7 10 12 13 15 17 19 21 | 21.3
Armour         | 4 5 6 7 10 12 13 14 16 17 18 | 18.2
Shields        | 4 5 6 7 10 11 12 13 14 16 18 19 21 | 21.3
Polearms       | 3 4 5 6 10 11 13 14 15 16 18 19 21 | 21.4
Dodging        | 1 2 3 5 9 11 | 11.1
Evocations     | 1 2 3 4 |  4.6
Invocations    | 5 6 9 11 13 15 18 | 18.5
Stealth        | 1 4 5 7 |  7.7
Unarmed Combat | 4 |  4.1
Throwing       | |  0.1

Action                   |  1- 3 |  4- 6 |  7- 9 | 10-12 | 13-15 || total
-------------------------+-------+-------+-------+-------+-------++-------
Melee: Trident           |    23 |     1 |    34 |   493 |   499 ||  1050
       Headbutt          |     3 |       |     4 |   115 |   130 ||   252
       Unarmed           |       |       |       |       |    20 ||    20
Throw: Throwing net      |       |       |       |     1 |       ||     1
Invok: Grow Oklob        |       |       |       |       |     7 ||     7
       Wall of Briars    |       |       |       |       |     2 ||     2
Evoke: Wand              |       |     3 |     3 |     3 |     3 ||    12
  Use: Potion            |       |       |       |     7 |     8 ||    15
       Scroll            |       |       |       |     1 |     3 ||     4
 Stab: Petrified         |       |       |       |     2 |       ||     2
       Petrifying        |       |       |       |     1 |       ||     1
       Sleeping          |       |       |       |       |     4 ||     4
       Distracted        |       |       |       |       |     4 ||     4
Armor: Scale mail        |     3 |       |       |       |       ||     3
       Plate armour      |       |       |    20 |    79 |       ||    99
       Swamp dragon scal |       |       |       |    26 |    64 ||    90
Dodge: Dodged            |     7 |     1 |     9 |    66 |    98 ||   181
Block: Kite shield       |     7 |       |    14 |   164 |   159 ||   344

Table legend: (Time is in decaauts)
 A = Elapsed time spent in this place.
 B = Non-inter-level travel time spent in this place.
 C = Inter-level travel time spent in this place.
 D = Time resting spent in this place.
 E = Time spent auto-exploring this place.
 F = Levels seen in this place.
 G = Mean time per level.
                   A        B        C        D        E       F      G
               +--------+--------+--------+--------+--------+-----+--------+
         Total |   6173 |   6173 |      0 |   3473 |    758 |   1 | 6173.0 |
       Dungeon |   6173 |   6173 |      0 |   3473 |    758 |   1 | 6173.0 |
               +--------+--------+--------+--------+--------+-----+--------+

Top non-repeatable levels by time:
       D: 6173 daAuts
